 Dungeon Crawl Stone Soup version 0.28-a0-1128-gb845255321 (webtiles) character file.

Game seed: 7765762928316024031

6930 Vrtnx the Imperceptible (level 10, 0/46 HPs)
             Began as a Spriggan Enchanter on Dec 12, 2021.
             Was a Follower of Dithmenos.
             Slain by a hornet (9 damage)
             ... on level 9 of the Dungeon.
             The game lasted 00:19:54 (11569 turns).

Vrtnx the Imperceptible (Spriggan Enchanter)       Turns: 11569, Time: 00:19:55

Health: 0/46       AC:  5    Str:  8    XL:     10   Next: 80%
Magic:  23/23      EV: 19    Int: 23    God:    Dithmenos [*.....]
Gold:   1430       SH:  0    Dex: 16    Spells: 17/25 levels left

rFire   . . .      SeeInvis +   a - +2 dagger (elec)
rCold   + . .      Faith    .   (shield restricted)
rNeg    . . .      Spirit   .   l - +1 robe {Will+}
rPois   .          Reflect  .   (helmet restricted)
rElec   .          Harm     .   j - +1 cloak
rCorr   .          Rampage  .   (gloves unavailable)
Will    ++...      Clarity  +   (boots unavailable)
Stlth   +++++++++.              (no amulet)
HPRegen 0.15/turn               d - +6 ring of intelligence
MPRegen 0.18/turn               h - ring of flight

@: flying, wreathed by umbra, studying Polearms, very quick
A: very small, no large weapons, unfitting armour, see invisible, speed 3,
talons 1, clarity, cold resistance 1
a: Renounce Religion


You were on level 9 of the Dungeon.
You worshipped Dithmenos.
Dithmenos was aware of your devotion.
You visited 2 branches of the dungeon, and saw 10 of its levels.
You also visited: Sewer.

You collected 1976 gold pieces.
You spent 546 gold pieces at shops.

Inventory:

Hand Weapons
 a - a +2 dagger of electrocution (weapon)
 c - a +0 dagger of draining
 e - a +0 dagger of venom
 g - a +0 rapier
 v - a +2 rapier of draining
Missiles
 i - 41 poisoned darts (quivered)
 w - 3 curare-tipped darts
Armour
 j - a +1 cloak (worn)
 l - a +1 robe of willpower (worn)
Jewellery
 d - a +6 ring of intelligence (left hand)
 h - a ring of flight (right hand)
Scrolls
 n - 5 scrolls of teleportation
 o - 2 scrolls of fog
 s - 2 scrolls of magic mapping
 x - 5 scrolls of identify
Potions
 b - 2 potions of cancellation
 f - 2 potions of curing
 k - 4 potions of brilliance
 m - 2 potions of magic
 p - a potion of mutation
 q - a potion of might
 r - a potion of heal wounds
 t - a potion of berserk rage
 u - a potion of flight


   Skills:
 + Level 2.2 Fighting
 + Level 3.1 Short Blades
 + Level 4.6 Dodging
 + Level 21.2 Stealth
 + Level 8.3 Spellcasting
 + Level 8.7 Hexes


You had 17 spell levels left.
You knew the following spells:

 Your Spells              Type           Power      Damage    Failure   Level
a - Ensorcelled Hibernat  Hex/Ice        58%        N/A       1%          2
b - Tukima's Dance        Hex            49%        N/A       1%          3
c - Dazzling Flash        Conj/Hex       58%        N/A       3%          3

Your spell library contained the following spells:

 Spells                   Type           Power      Damage    Failure   Level
 Slow                     Hex            100%       N/A       1%          1
 Confusing Touch          Hex            49%        N/A       1%          3
 Stone Arrow              Conj/Erth      18%        3d8       21%         3
 Yara's Violent Unravell  Hex/Tmut       14%        3d7       30%         5
 Animate Armour           Summ/Erth      18%        N/A       54%         4
 Lehudib's Crystal Spear  Conj/Erth      4%         10d3      100%        8


Dungeon Overview and Level Annotations

Branches:
Dungeon (9/15)             Temple (1/1) D:6           Sewer (visited)
   Lair: D:8-11         Orc: D:9-12

Altars:
Ashenzari
Cheibriados
Dithmenos
Elyvilon
Fedhas
Gozag
Kikubaaqudgha
Makhleb
Nemelex Xobeh
Qazlal
Ru
Sif Muna
Trog
Uskayaw
Vehumet
Wu Jian
Yredelemnul
Zin
The Shining One

Shops:
D:3 ?   D:4 *   D:5 !   D:8 *


Innate Abilities, Weirdness & Mutations

You are very small and have problems with some larger weapons.
You are too small for most types of armour.
You have supernaturally acute eyesight. (SInv)
You cover ground extremely quickly. (Speed+++)
You have sharp toenails.
You possess an exceptional clarity of mind.
Your flesh is cold resistant. (rC+)


Message History

Okay, then.
Unknown command.
The howler monkey hoots and howls with incredible vigour!
An orc priest comes into view. It is wielding a +0 dagger.
You hear a shout!
You hear a loud, deep croak!
You hear a shout!
There is a stone staircase leading up here.
You fly upwards.
There is a stone staircase leading down here.
You start resting.
Magic restored.
You start resting.
HP restored.
You fly downwards.
The hornet stings you.
You suddenly lose the ability to move!
An orc comes into view. It is wielding a +0 club.
The howler monkey hoots and howls with incredible vigour!
The kobold hits you. The hornet stings you!
You feel yourself slow down. The howler monkey hits you.
You hear a shout!
You hear a loud, deep croak!
A bullfrog comes into view.
The hornet completely misses you. The shadow hits you.
The kobold hits you but does no damage. The howler monkey barely misses you.
The orc wizard mumbles some strange words.
The orc wizard flickers and vanishes for a moment.
The bullfrog moves out of view.
You can move again.
There is a stone staircase leading up, spattered with blood here.
Okay, then.
Unknown command.
Unknown command.
Unknown command.
Unknown command.
Unknown command.
You feel yourself speed up. The hornet misses you.
The shadow closely misses you. The howler monkey hits you!
The hornet closely misses you. The kobold barely misses you.
The kobold misses you. The shadow hits you.
* * * LOW HITPOINT WARNING * * *
The hornet stings you!
You die...

###.............
###..##.)†KK......
#.........T..K....
##..###.K.##....)..
#... ##.o## F...[..
##...##.o.##........
#.......K..o........
###...KWyK.#...K..##
###..@KK.# .#.K.#
#.h..........KK
..............K
................K
...............#
...............#
#....###........
###.# #......


You could see a hornet, a kobold brigand, a shadow, a bullfrog, a howler monkey,
an orc priest, an orc wizard (invisible), an orc and 6 kobolds.

Vanquished Creatures
  A gargoyle (D:5)
  2 yaks
  Eustachio (D:6)
  A steam dragon (D:7)
  Duvessa (D:6)
  A water moccasin (D:7)
  A sky beast (D:8)
  3 necrophages
  A black bear (D:4)
  2 orc warriors (D:8)
  2 centaurs
  3 ogres
  3 kobold brigands
  Blork the orc (D:4)
  A bullfrog (D:7)
  A wyvern zombie (D:7)
  3 scorpions
  A wyvern skeleton (D:6)
  A water moccasin skeleton (D:5)
  14 killer bees
  Dowan (D:6)
  4 wights
  2 howler monkeys
  A centaur zombie (D:8)
  4 hounds
  2 orc priests
  A bullfrog skeleton (D:4)
  A centaur skeleton (D:7)
  Crazy Yiuf (D:3)
  Jessica (D:3)
  3 iguanas
  3 orc wizards
  A hound skeleton (D:3)
  A howler monkey zombie (D:8)
  A gnoll (D:1)
  7 adders
  A howler monkey skeleton (D:7)
  9 river rats
  4 white imps
  An ufetubus (D:4)
  An adder skeleton (D:4)
  2 worms (D:3)
  2 dart slugs
  12 orcs
  6 endoplasms
  A goblin (D:1)
  5 hobgoblins
  A jackal (D:5)
  6 quokkas
  16 ball pythons
  A bat (D:1)
  3 frilled lizards
  26 kobolds
  27 rats
202 creatures vanquished.

Vanquished Creatures (collateral kills)
  A two-headed ogre (D:5)
  2 orc warriors
  An ogre (D:4)
  A wight (D:7)
  An orc priest (D:8)
  A kobold (Sewer)
7 creatures vanquished.

Vanquished Creatures (others)
  2 dancing weapons
  A fungus (D:3)
3 creatures vanquished.

Grand Total: 212 creatures vanquished

Notes
Turn   | Place    | Note
-------+----------+-------------------------------------------
     0 | D:1      | Vrtnx the Spriggan Enchanter began the quest for the Orb.
     0 | D:1      | Reached XP level 1. HP: 9/9 MP: 5/5
   194 | D:1      | Found a faded altar of an unknown god.
   389 | D:1      | Reached XP level 2. HP: 9/13 MP: 7/7
   402 | D:1      | Learned a level 2 spell: Ensorcelled Hibernation
  1092 | D:1      | Identified a scroll of acquirement
  1092 | D:1      | Acquired 945 gold pieces
  1564 | D:2      | Reached XP level 3. HP: 16/16 MP: 9/9
  1568 | D:2      | Learned a level 3 spell: Tukima's Dance
  1572 | D:2      | Learned a level 3 spell: Dazzling Flash
  2205 | D:3      | Noticed Jessica
  2208 | D:3      | Killed Jessica
  2209 | D:3      | Reached skill level 5 in Hexes
  2209 | D:3      | Reached XP level 4. HP: 21/21 MP: 8/11
  2463 | D:3      | Found a sacrificial altar of Ru.
  2531 | D:3      | Found Caanez's Magic Scroll Boutique.
  2650 | D:3      | Bought a scroll of enchant weapon for 90 gold pieces
  2650 | D:3      | Bought a scroll of identify for 24 gold pieces
  2650 | D:3      | Bought a scroll of identify for 24 gold pieces
  2650 | D:3      | Bought a scroll of teleportation for 36 gold pieces
  2650 | D:3      | Bought a scroll of teleportation for 36 gold pieces
  2650 | D:3      | Bought a scroll of teleportation for 36 gold pieces
  2650 | D:3      | Bought a scroll of teleportation for 36 gold pieces
  2650 | D:3      | Bought a scroll of fog for 24 gold pieces
  2764 | D:3      | Acquired 500 gold pieces
  2979 | D:3      | Found a runed translucent door.
  2980 | D:3      | Noticed Crazy Yiuf
  3024 | D:3      | Killed Crazy Yiuf
  3025 | D:3      | Reached XP level 5. HP: 7/24 MP: 3/13
  3304 | D:3      | Bought a scroll of brand weapon for 240 gold pieces
  3574 | D:4      | Reached skill level 5 in Spellcasting
  3951 | D:4      | Noticed Blork the orc
  3958 | D:4      | Killed Blork the orc
  3959 | D:4      | Reached XP level 6. HP: 18/28 MP: 7/15
  4083 | D:4      | Found Zoish's Assorted Antiques.
  4225 | D:4      | Found an ancient bone altar of Kikubaaqudgha.
  4381 | D:4      | Reached XP level 7. HP: 21/32 MP: 14/18
  4608 | D:4      | Found an opulent altar of Gozag.
  5234 | D:5      | Entered Level 5 of the Dungeon
  5247 | D:5      | Reached skill level 5 in Stealth
  5251 | D:5      | Reached skill level 6 in Stealth
  5253 | D:5      | Reached skill level 7 in Stealth
  5361 | D:5      | Found a glowing drain.
  5365 | Sewer    | Entered a sewer
  5527 | Sewer    | Reached XP level 8. HP: 19/36 MP: 8/20
  5790 | Sewer    | Reached skill level 8 in Stealth
  6467 | Sewer    | Reached skill level 9 in Stealth
  6899 | D:5      | Reached skill level 10 in Stealth
  7258 | D:5      | Reached skill level 11 in Stealth
  7332 | D:5      | Noticed a gargoyle
  7350 | D:5      | Gained mutation: You have sharp toenails. [potion of
                  | mutation]
  7350 | D:5      | Gained mutation: Your flesh is cold resistant. (rC+)
                  | [potion of mutation]
  7350 | D:5      | Gained mutation: You possess an exceptional clarity of
                  | mind. [potion of mutation]
  7352 | D:5      | Reached skill level 20 in Stealth
  7352 | D:5      | Reached XP level 9. HP: 37/39 MP: 21/21
  7372 | D:5      | Killed a gargoyle
  7603 | D:5      | Found Gonk's Distillery.
  7639 | D:5      | Noticed a two-headed ogre
  7650 | D:5      | Killed a two-headed ogre
  7651 | D:5      | Reached XP level 10. HP: 12/44 MP: 10/22
  8121 | D:6      | Found a staircase to the Ecumenical Temple.
  8121 | D:6      | Noticed Dowan
  8123 | D:6      | Noticed Duvessa
  8147 | D:6      | Killed Duvessa
  8148 | D:6      | Reached skill level 1 in Fighting
  8148 | D:6      | Reached skill level 21 in Stealth
  8152 | D:6      | Killed Dowan
  8224 | Temple   | Entered the Ecumenical Temple
  8233 | Temple   | Became a worshipper of Dithmenos the Shadowed
  8655 | D:6      | Noticed Eustachio
  8663 | D:6      | Killed Eustachio
  9969 | D:7      | Found a snail-covered altar of Cheibriados.
 10458 | D:8      | Reached * piety under Dithmenos
 10866 | D:8      | Found a glowing silver altar of Zin.
 10866 | D:8      | Found a white marble altar of Elyvilon.
 10866 | D:8      | Found a glowing golden altar of the Shining One.
 11148 | D:8      | Found Tuxtac's Gadget Gallery.
 11567 | D:9      | Paralysed by a hornet for 2 turns
 11569 | D:9      | Slain by a hornet

Illustrated notes

Levels and vault maps discovered:
D:1:      saegor_arrival_simple_a, layout_basic, basic_ecumenical_altar,
          minmay_nonomino_d4
D:2:      layout_basic
D:3:      layout_basic, lemuel_crystal_altar, serial_shops, shop,
          uniq_crazy_yiuf_cottage, uniq_jessica
D:4:      layout_loops_corners, nicolae_gozag_seed_capital, serial_shops, shop,
          minmay_ruined_shrine, uniq_blork_the_orc
D:5:      layout_basic, gup_sewer_entry_bowl, nicolae_take_the_stairs,
          minmay_manual_moon
D:6:      layout_gridville, minmay_temple_entry_glass, uniq_eustachio,
          uniq_duvessa
D:7:      minmay_evil_eye, layout_loops_ring,
          mainiacjoe_overflow_six_doors_small
D:8:      layout_loops_cross, good_gods_mini_temple, kennysheep_another_room,
          nicolae_shop_gadgets
D:9:      layout_cave_pools, minmay_overflow_temple_star_quad, david_orc_3,
          eino_curves_04
Temple:   nicolae_temple_no_exploring_needed

Skill      XL: |  1  2  3  4  5  6  7  8  9 10 |
---------------+-------------------------------+-----
Spellcasting   | 3 4 5 7 8 |  8.3
Hexes          | 4 5 6 7 8 |  8.7
Stealth        | 7 20 21 | 21.2
Dodging        | 3 4 |  4.6
Fighting       | 2 |  2.2
Short Blades   | 3 |  3.1

Action                   |  1- 3 |  4- 6 |  7- 9 | 10-12 || total
-------------------------+-------+-------+-------+-------++-------
Melee: Dagger            |    82 |   100 |   225 |   152 ||   559
       Kick              |       |       |    11 |    21 ||    32
Throw: Dart              |       |     2 |       |       ||     2
 Cast: Ensorcelled Hiber |    11 |    20 |    54 |    29 ||   114
       Tukima's Dance    |       |     2 |     6 |    13 ||    21
       Dazzling Flash    |       |       |       |     2 ||     2
  Use: Scroll            |     5 |     7 |     3 |     3 ||    18
       Potion            |       |     4 |     9 |     1 ||    14
 Stab: Sleeping          |    16 |    16 |    38 |    33 ||   103
       Distracted        |       |     1 |       |     2 ||     3
       Invisible         |       |     2 |     7 |     3 ||    12
Armor: Robe              |     5 |    10 |    42 |    33 ||    90
Dodge: Dodged            |    47 |   104 |   223 |   178 ||   552

Table legend: (Time is in decaauts)
 A = Elapsed time spent in this place.
 B = Non-inter-level travel time spent in this place.
 C = Inter-level travel time spent in this place.
 D = Time resting spent in this place.
 E = Time spent auto-exploring this place.
 F = Levels seen in this place.
 G = Mean time per level.
                   A        B        C        D        E       F      G
               +--------+--------+--------+--------+--------+-----+--------+
         Total |   9261 |   9093 |    168 |   1826 |   5776 |  11 |  841.9 |
       Dungeon |   8000 |   7837 |    163 |   1342 |   5291 |   9 |  888.9 |
        Temple |     11 |      7 |      4 |      0 |      0 |   1 |   11.0 |
         Sewer |   1249 |   1249 |      0 |    484 |    484 |   1 | 1249.0 |
               +--------+--------+--------+--------+--------+-----+--------+

Top non-repeatable levels by time:
   Sewer: 1249 daAuts
     D:4: 1233 daAuts
     D:3: 1229 daAuts
     D:7: 1188 daAuts
     D:1: 1126 daAuts
     D:8: 1031 daAuts
     D:5: 942 daAuts
     D:6: 713 daAuts
     D:2: 512 daAuts
     D:9: 25 daAuts
  Temple: 11 daAuts
